 Dungeon Crawl Stone Soup version 0.28.0-53-g5a82cb258f (webtiles) character file.

Game seed: 10545740003316739426

611 ILmort the Cudgeller (level 7, -2/45 HPs)
             Began as a Gargoyle Fighter on Aug 20, 2022.
             Was an Initiate of Ashenzari.
             Slain by Duvessa
             ... wielding a +0 short sword
              (7 damage)
             ... on level 4 of the Dungeon.
             The game lasted 00:10:20 (3972 turns).

ILmort the Cudgeller (Gargoyle Fighter)             Turns: 3972, Time: 00:10:20

Health: -2/45      AC: 14    Str: 19 (21) XL:     7   Next: 43%
Magic:  7/7        EV:  9    Int:  4 (7)  God:    Ashenzari [......]
Gold:   151        SH:  4    Dex:  6 (9)  Spells: 6/6 levels left

rFire   . . .      SeeInvis .   a - +0 flail
rCold   . . .      Faith    .   c - +0 buckler
rNeg    + . .      Spirit   .   b - +0 scale mail
rPois   ∞          Reflect  .   q - +0 helmet
rElec   +          Harm     .   (no cloak)
rCorr   .          Rampage  .   (no gloves)
Will    .....                   w - +1 pair of boots
Stlth   ..........              (no amulet)
HPRegen 0.15/turn               (no ring)
MPRegen 0.10/turn               (no ring)

@: no status effects
A: sickness immunity, AC +4, negative energy resistance 1, electricity
resistance, torment resistance 1, petrification resistance, dopey 1
a: Renounce Religion


You were on level 4 of the Dungeon.
You worshipped Ashenzari.
Ashenzari was noncommittal.
You visited 2 branches of the dungeon, and saw 5 of its levels.

You collected 151 gold pieces.

Inventory:

Hand Weapons
 a - a +0 flail (weapon)
Armour
 b - a +0 scale mail (worn)
 c - a +0 buckler (worn)
 q - a +0 helmet (worn)
 u - a +0 pair of boots
 w - a +1 pair of boots (worn)
Scrolls
 d - a scroll of brand weapon {unknown}
 e - a scroll of enchant armour {unknown}
 h - a scroll of enchant weapon {unknown}
 i - 2 scrolls of fear {unknown}
 m - a scroll of amnesia {unknown}
 n - 2 scrolls of teleportation {unknown}
 s - a scroll of vulnerability {unknown}
 t - 3 scrolls of identify {unknown}
 v - a scroll of immolation {unknown}
Potions
 f - a potion of curing
 g - 2 potions of mutation
 j - a potion of flight {unknown}
 k - 2 potions of degeneration
 l - 3 potions of brilliance {unknown}
 o - a potion of ambrosia {unknown}
 p - a potion of attraction {unknown}
 r - a potion of heal wounds {unknown}


   Skills:
 + Level 5.9 Fighting
 * Level 6.6 Maces & Flails
 - Level 3.2 Armour
 - Level 3.2 Shields


You had 6 spell levels left.
You didn't know any spells.
Your spell library contained the following spells:

 Spells                   Type           Power      Damage    Failure   Level
 Sandblast                Erth           0%         2d4       92%         1


Dungeon Overview and Level Annotations

Branches:
Dungeon (4/15)             Temple (1/1) D:4

Altars:
Ashenzari
Cheibriados
Gozag
Hepliaklqana
Kikubaaqudgha
Makhleb
Nemelex Xobeh
Okawaru
Sif Muna
Uskayaw
Vehumet
Yredelemnul

Annotations:
D:4 Dowan, Duvessa


Innate Abilities, Weirdness & Mutations

You are immune to sickness and miasma.
Your stone body is resilient. (AC +4)
You are immune to poison.
You resist negative energy. (rN+)
You are resistant to electric shocks. (rElec)
You are resistant to unholy torment.
You are immune to petrification.
You are dopey. (Int -2)


Message History

Duvessa hits you with a +0 short sword! The iguana bites you.
Dowan barely misses you.
You hit Duvessa. Duvessa hits you with a +0 short sword.
You block the iguana's attack. Dowan barely misses you. The iguana misses you.
Duvessa hits you with a +0 short sword.
You sock Duvessa! Dowan closely misses you.
Duvessa hits you with a +0 short sword. The iguana bites you!
You barely miss Duvessa.
Dowan points at you and mumbles some strange words.
You resist with some effort.
The iguana bites you but does no damage.
Duvessa hits you but does no damage. Dowan gestures at you while chanting.
You resist with some effort.
You hit Duvessa but do no damage. The iguana barely misses you.
Duvessa hits you but does no damage. You block Dowan's attack.
You hit Duvessa but do no damage. Duvessa hits you with a +0 short sword.
The iguana bites you but does no damage.
You block Dowan's attack.
You closely miss Duvessa. Duvessa hits you with a +0 short sword.
* * * LOW HITPOINT WARNING * * *
The iguana bites you but does no damage.
Dowan barely misses you.
You hit the iguana. Duvessa hits you with a +0 short sword.
* * * LOW HITPOINT WARNING * * *
The iguana closely misses you. Dowan hits you but does no damage.
You hit Duvessa but do no damage. Duvessa barely misses you.
The iguana bites you but does no damage.
Dowan gestures at you while chanting.
The puff of flame hits you but does no damage.
It was a potion of mutation.
You feel extremely strange.
You feel stupid. Duvessa hits you with a +0 short sword.
* * * LOW HITPOINT WARNING * * *
The iguana barely misses you. You block Dowan's attack.
It was a potion of degeneration.
There was something very wrong with that liquid.
You feel weakened.
You feel dopey.
You feel clumsy. Duvessa hits you with a +0 short sword!
You die...

.....................#...##
.....................#
.##.####.##....##...##
.##.#######....##+###
....................#
....................# .
.............[......#...
................ee......
................@l......
.#...#...#...#.#########
..###.....###..#
#.#.#.....#.#...#
.)##'.....'##...#
.#.(.#####...#..# )..#.#
.#....# ...#.# .##.!.#
...#.#


You could see Duvessa, Dowan and an iguana.

Vanquished Creatures
  The ghost of RussianWR the Covert, a novice OpBr (D:4)
  A bullfrog (D:4)
  A scorpion (D:3)
  A hound (D:4)
  An orc wizard (D:3)
  8 adders
  An adder skeleton (D:4)
  5 worms
  4 dart slugs
  6 orcs
  4 bats
  7 endoplasms
  2 giant cockroaches
  4 goblins
  5 hobgoblins
  3 jackals (D:3)
  6 kobolds
  2 quokkas
  3 ball pythons
  2 frilled lizards (D:1)
  6 rats
73 creatures vanquished.

Vanquished Creatures (others)
  A plant (D:3)
1 creature vanquished.

Grand Total: 74 creatures vanquished

Notes
Turn   | Place    | Note
-------+----------+-------------------------------------------
     0 | D:1      | ILmort the Gargoyle Fighter began the quest for the Orb.
     0 | D:1      | Reached XP level 1. HP: 14/14 MP: 1/1
   250 | D:1      | Reached XP level 2. HP: 19/19 MP: 2/2
  1010 | D:2      | Reached skill level 3 in Maces & Flails
  1010 | D:2      | Reached XP level 3. HP: 24/24 MP: 3/3
  1728 | D:3      | Reached XP level 4. HP: 25/29 MP: 4/4
  1937 | D:3      | Reached skill level 4 in Maces & Flails
  1943 | D:3      | Reached XP level 5. HP: 24/34 MP: 5/5
  2328 | D:3      | Found a faded altar of an unknown god.
  2333 | D:3      | Got Plato's Papyrus of Stones
  2533 | D:3      | Found a snail-covered altar of Cheibriados.
  2534 | D:3      | Found an ancient bone altar of Kikubaaqudgha.
  2620 | D:3      | Reached skill level 5 in Maces & Flails
  2782 | D:4      | Reached XP level 6. HP: 38/40 MP: 6/6
  2818 | D:4      | Reached skill level 5 in Fighting
  3187 | D:4      | Found a runed translucent door.
  3190 | D:4      | Noticed RussianWR's ghost (novice OpBr)
  3228 | D:4      | Killed RussianWR's ghost
  3229 | D:4      | Reached skill level 6 in Maces & Flails
  3229 | D:4      | Reached XP level 7. HP: 23/45 MP: 7/7
  3608 | D:4      | Found a staircase to the Ecumenical Temple.
  3613 | Temple   | Entered the Ecumenical Temple
  3900 | Temple   | Became a worshipper of Ashenzari the Shackled
  3950 | D:4      | Noticed Duvessa
  3950 | D:4      | Noticed Dowan
  3971 | D:4      | Gained mutation: You are dopey. (Int -2) [potion of
                  | mutation]
  3972 | D:4      | Slain by Duvessa

Illustrated notes

Levels and vault maps discovered:
D:1:      lemuel_arrival_funnel, layout_loops_ring
D:2:      minmay_chambers_of_ones, layout_loops_corners, serial_glass,
          glass_columns_c, glass_columns_a, item_on_display_a, item_on_display_a
D:3:      layout_basic, minitemple, shapermc_ecumenical_altar_rom_forum,
          minmay_shallow_snake_nest
D:4:      layout_gridville, fedhas_altar_4, temple_doors_cd,
          ebering_ghost_sewer_d, minmay_fractal_squares_diagonal_5,
          uniq_duvessa, uniq_ijyb
Temple:   dpeg_chambers_temple

Skill      XL: |  1  2  3  4  5  6 |
---------------+-------------------+-----
Maces & Flails | 3 4 5 6 |  6.6
Fighting       | 4 5 |  5.9
Armour         | |  3.2
Shields        | |  3.2

Action                   |  1- 3 |  4- 6 |  7- 9 || total
-------------------------+-------+-------+-------++-------
Melee: Flail             |    80 |   216 |    36 ||   332
  Use: Potion            |       |     1 |     3 ||     4
Armor: Scale mail        |    33 |   130 |    28 ||   191
Dodge: Dodged            |    26 |   131 |    17 ||   174
Block: Buckler           |    14 |    46 |    11 ||    71
